 Dungeon Crawl Stone Soup version 0.31.0-11-ge490571c62 (webtiles) character file.

Game seed: 16302356056768019568

19 Amelense the Slasher (level 2, -1/24 HPs)
             Began as a Human Fighter on Feb 8, 2024.
             Slain by a goblin
             ... wielding a +0 club
             ... led by Robin
              (4 damage)
             ... on level 2 of the Dungeon.
             The game lasted 00:02:51 (582 turns).

Amelense the Slasher (Human Fighter)                 Turns: 582, Time: 00:02:52

Health: -1/24      AC:  6    Str: 16    XL:     2   Next: 75%
Magic:  2/2        EV:  9    Int:  8    God:
Gold:   43         SH:  4    Dex: 12    Spells: 1/1 levels left

rFire   . . .        a - +1 long sword
rCold   . . .        c - +0 buckler
rNeg    . . .        b - +0 scale mail
rPois   .            (no helmet)
rElec   .            (no cloak)
rCorr   .            (no gloves)
SInv    .            (no boots)
Will    .....        (no amulet) Stlth
                     (no ring)
HPRegen 0.24/turn    (no ring)
MPRegen 0.08/turn

%: no passive effects
@: mighty
A: explore regen
a: no special abilities


You were on level 2 of the Dungeon.
You visited 1 branch of the dungeon, and saw 2 of its levels.

You collected 43 gold pieces.

Inventory:

Hand Weapons
 a - a +1 long sword (weapon)
Armour
 b - a +0 scale mail (worn)
 c - a +0 buckler (worn)
Potions
 e - a potion of curing


   Skills:
 - Level 3.0 Fighting
 * Level 3.1 Long Blades
 - Level 3.0 Armour
 + Level 0.2 Dodging
 + Level 0.3 Stealth
 - Level 3.0 Shields


You had one spell level left.
You didn't know any spells.
Your spell library contained the following spells:

 Spells                   Type           Power      Damage    Failure   Level
 Vhi's Electric Charge    Tloc/Air       0%         N/A       100%        4
 Arcjolt                  Conj/Air       0%         1d10      100%        5
 Plasma Beam              Fire/Air       0%         2x1d10    100%        6


Dungeon Overview and Level Annotations

Branches:
Dungeon (2/15)

Altars:

Shops:
D:1 (

Annotations:
D:2 Robin


Innate Abilities, Weirdness & Mutations

You regain HP and MP as you explore.


Message History

The goblin barely misses you. You block the hobgoblin's attack.
The goblin hits you with a +0 dagger. The goblin hits you but does no damage.
You hit the hobgoblin.
You kill the hobgoblin!
The goblin closely misses you. The goblin hits you but does no damage.
Robin hits you with a +5 spear.
You feel very mighty all of a sudden.
An orc comes into view.
It is wielding a +2 flail of protection.
The goblin hits you with a +0 club. The goblin hits you with a +0 dagger.
The goblin misses you.
It was a potion of curing.
You feel better. The goblin hits you with a +0 club.
The goblin hits you with a +0 dagger. The goblin closely misses you.
The goblin hits you but does no damage.
The air fills with toxic fumes!
As you read the scroll labelled JASKOY PIGH, it crumbles to dust.
It was a scroll of poison.
The goblin hits you with a +0 club. The goblin barely misses you.
The goblin closely misses you. The goblin hits you with a +0 dagger.
Robin barely misses you.
As you read the scroll labelled OSU RYMODUM DUKY, it crumbles to dust.
It is a scroll of enchant weapon.
Your +0 long sword glows red for a moment.
The goblin hits you with a +0 club. The goblin hits you but does no damage.
Robin hits you with a +5 spear. The goblin closely misses you.
The goblin barely misses you.
As you read the scroll labelled TODUJU EPASTI, it crumbles to dust.
It is a scroll of identify.
You don't currently have any unidentified items.
You block the goblin's attack.
The goblin hits you but does no damage. x2
The goblin barely misses you.
You barely miss Robin. The goblin hits you with a +0 club.
* * * LOW HITPOINT WARNING * * *
The goblin hits you but does no damage. x2; You block the goblin's attack.
Robin's bangles clink loudly.
Robin hits you but does no damage.
The goblin hits you but does no damage. x2
The goblin hits you with a +0 dagger.
* * * LOW HITPOINT WARNING * * *
You block the goblin's attack.
You barely miss Robin. The goblin hits you but does no damage.
The goblin hits you with a +0 club.
You die...

### §§#
#o# #g#
####g####
#§gg@g§☼#
#§#gg##§#
§§§gg
###☼###
#§ #§ #§
#§


You could see Robin, an orc and 8 goblins.

Vanquished Creatures
  A dart slug (D:1)
  2 bats (D:1)
  An endoplasm (D:1)
  2 goblins (D:1)
  3 hobgoblins
  3 quokkas (D:1)
  A frilled lizard (D:1)
  3 rats (D:1)
16 creatures vanquished.

Notes
Turn   | Place    | Note
-------+----------+-------------------------------------------
     0 | D:1      | Amelense the Human Fighter began the quest for the Orb.
     0 | D:1      | Reached XP level 1. HP: 18/18 MP: 1/1
   206 | D:1      | Reached XP level 2. HP: 12/24 MP: 2/2
   491 | D:1      | Found Guokh's Antique Weapon Shop.
   572 | D:2      | Noticed Robin
   582 | D:2      | Slain by a goblin

Illustrated notes

Levels and vault maps discovered:
D:1:      dpeg_arrival_more_subterranean_lakeside_camping, layout_basic,
          serial_shops, nicolae_shop_hallway_stairs, dreamdust_princess_bridge
D:2:      cheibrodos_old_hovel, layout_loops_corners,
          dreamdust_ecumenical_altar_drowned_temple, minmay_joined_circles,
          uniq_jessica, uniq_robin

Skill      XL: |  1  2 |
---------------+-------+-----
Long Blades    | 3 |  3.1
Fighting       | |  3.0
Armour         | |  3.0
Dodging        | |  0.2
Stealth        | |  0.3
Shields        | |  3.0

Action                     || total
---------------------------++-------
  Melee: Long sword        ||    57
    Use: Scroll            ||     3
         Potion            ||     2
 Armour: Scale mail        ||    80
  Dodge: Dodged            ||    35
  Block: Buckler           ||    28
